 Dungeon Crawl Stone Soup version 0.32-a0-17-gb74e046682 (webtiles) character file.

Game seed: 16083061157065394515

187830 oldriver the Warrior (level 17, 147/147 HPs)
             Began as a Demonspawn Earth Elementalist on Jan 15, 2024.
             Was an Initiate of Gozag.
             Got out of the dungeon alive.
             The game lasted 01:28:55 (49241 turns).

oldriver the Warrior (DsEE)                        Turns: 49241, Time: 01:28:55

Health: 147/147    AC: 12    Str: 12    XL:     17   Next: 89%
Magic:  36/36      EV: 14    Int: 27    God:    Gozag
Gold:   1288       SH:  5    Dex: 17    Spells: 15/47 levels left

rFire   . . .        p - +1 flail of the Slime-mould {spect, rPois Will+ rCorr Str-4}
rCold   + . .        M - +0 buckler
rNeg    . . .        m - +2 steam dragon scales
rPois   +            (helmet restricted)
rElec   +            (cloak unavailable)
rCorr   +            P - +2 pair of gloves {infuse}
SInv    .            N - +1 pair of boots of Ovviaroj {rC+ Will+ Dex+2}
Will    +++..        F - amulet of magic regeneration
Stlth   ++++         T - ring "Zucuy" {rElec Str+6 Stlth+}
HPRegen 0.44/turn    D - +6 ring of intelligence
MPRegen 0.90/turn

%: guardian spirit, infuse magic (1 MP)
@: no status effects
A: antennae 2, claws 2, magic shield, magic regeneration, demonic magic 2,
weakness stinger 3
a: Renounce Religion, Potion Petition, Call Merchant, Bribe Branch


You escaped.
You worshipped Gozag.
Gozag was most pleased with you.
You visited 5 branches of the dungeon, and saw 27 of its levels.
You also visited: Bailey.

You collected 9953 gold pieces.
You spent 3215 gold pieces at shops.
You paid 5450 gold pieces to Gozag.

Inventory:

Hand Weapons
 p - the +1 flail of the Slime-mould (weapon) {spect, rPois Will+ rCorr Str-4}
   (You took it off a kobold brigand on level 7 of the Dungeon)

   Str-4:     It affects your strength (-4).
   rPois:     It protects you from poison Will+: It increases your willpower.
   rCorr:     It protects you from acid and corrosion.
 S - the +10 broad axe of Jadgherim {venom, rF+ Int+6}
   (You bought it in a shop on level 1 of the Snake Pit)

   Int+6:     It affects your intelligence (+6).
   rF+:       It protects you from fire.
Missiles
 c - 2 throwing nets
Armour
 m - +2 steam dragon scales (worn)
 M - a +0 buckler (worn)
 N - the +1 pair of boots of Ovviaroj (worn) {rC+ Will+ Dex+2}
   (You found it on level 13 of the Dungeon)

   Dex+2:     It affects your dexterity (+2).
   rC+:       It protects you from cold.
   Will+:     It increases your willpower.
 P - a +2 pair of gloves of infusion (worn)
Jewellery
 o - the ring of the Cast Vote {rCorr MP+9 Str+3}
   (You acquired it on level 2 of the Snake Pit)

   [ring of magical power]

   Str+3:     It affects your strength (+3).
   MP+9:      It affects your magic capacity (+9).
   rCorr:     It protects you from acid and corrosion.
 D - a +6 ring of intelligence (right hand)
 F - an amulet of magic regeneration (around neck)
 T - the ring "Zucuy" (left hand) {rElec Str+6 Stlth+}
   (You bought it in a shop on level 1 of the Snake Pit)

   [ring of strength]

   Str+6:     It affects your strength (+6).
   rElec:     It insulates you from electricity.
   Stlth+:    It makes you more stealthy.
 U - a ring of protection from cold
Wands
 x - a wand of mindburst (7)
 y - a wand of roots (8)
 I - a wand of acid (11)
 J - a wand of flame (37)
 K - a wand of charming (11)
Scrolls
 a - 2 scrolls of butterflies
 f - a scroll of vulnerability
 g - 3 scrolls of revelation
 k - 10 scrolls of identify
 s - 6 scrolls of teleportation
 u - 3 scrolls of poison
 B - a scroll of immolation
 C - 3 scrolls of fog
 E - 3 scrolls of brand weapon
 G - a scroll of acquirement
 L - a scroll of enchant weapon
 O - 2 scrolls of amnesia
 Q - a scroll of torment
Potions
 b - 6 potions of magic
 d - 9 potions of curing
 e - 5 potions of lignification
 h - 3 potions of berserk rage
 i - 3 potions of enlightenment
 j - 6 potions of mutation
 l - 5 potions of brilliance
 q - 5 potions of degeneration
 r - a potion of attraction
 t - 5 potions of invisibility
 v - a potion of resistance
 w - 7 potions of might
 z - 2 potions of haste
 A - 4 potions of cancellation
 R - a potion of ambrosia
Miscellaneous
 n - a tin of tremorstones (inert)
 H - a phial of floods (inert)


   Skills:
 + Level 17.1 Fighting
 - Level 2.0 Armour
 - Level 5.8 Dodging
 - Level 5.0 Stealth
 - Level 4.0 Shields
 + Level 15.8 Spellcasting
 + Level 16.5 Conjurations
 - Level 14.0 Earth Magic


You had 15 spell levels left.
You knew the following spells:

 Your Spells              Type           Power      Damage    Failure   Level
a - Sandblast             Erth           100%       2d20      0%          1
b - Passwall              Erth           77%        N/A       1%          3
c - Stone Arrow           Conj/Erth      100%       3d13      1%          3
d - Brom's Barrelling Bo  Conj/Erth      81%        2d9       1%          4
i - Irradiate             Conj/Alch      30%        3d21      3%          5
o - Orb of Destruction    Conj           42%        9d12      3%          7
s - Shatter               Erth           38%        3d30*     100%        9

Your spell library contained the following spells:

 Spells                   Type           Power      Damage    Failure   Level
 Shock                    Conj/Air       100%       1d9       1%          1
 Sting                    Conj/Alch      100%       1d9       1%          1
 Dazzling Flash           Conj/Hex       100%       N/A       1%          3
 Hailstorm                Conj/Ice       60%        3d11      1%          3
 Petrify                  Alch/Erth      56%        N/A       1%          4
 Apportation              Tloc           42%        N/A       3%          1
 Necrotise                Necr           84%        1d8       3%          1
 Slow                     Hex            84%        N/A       3%          1
 Summon Small Mammal      Summ           84%        N/A       3%          1
 Arcjolt                  Conj/Air       30%        1d40      3%          5
 Lesser Beckoning         Tloc           42%        N/A       4%          2
 Confusing Touch          Hex            21%        N/A       10%         3
 Gell's Gravitas          Tloc           21%        N/A       10%         3
 Inner Flame              Hex/Fire       21%        N/A       10%         3
 Sigil of Binding         Hex            21%        N/A       10%         3
 Summon Ice Beast         Ice/Summ       21%        N/A       10%         3
 Swiftness                Air            21%        N/A       10%         3
 Teleport Other           Tloc           21%        N/A       10%         3
 Vampiric Draining        Necr           21%        2d7       10%         3
 Volatile Blastmotes      Fire/Tloc      42%        2d13      10%         3
 Starburst                Conj/Fire      30%        6d9       17%         6
 Airstrike                Air            10%        2d(2-18)  32%         4
 Anguish                  Hex/Necr       10%        N/A       32%         4
 Cause Fear               Hex            10%        N/A       32%         4
 Summon Blazeheart Golem  Fire/Summ      21%        N/A       32%         4
 Vhi's Electric Charge    Tloc/Air       42%        N/A       32%         4
 Spellforged Servitor     Conj/Summ      30%        N/A       67%         7
 Plasma Beam              Fire/Air       10%        2x1d21    99%         6
 Sculpt Simulacrum        Ice/Alch       10%        N/A       99%         6
 Enfeeble                 Hex            10%        N/A       100%        7
 Haunt                    Necr/Summ      10%        N/A       100%        7
 Borgnjor's Revivificati  Necr           10%        N/A       100%        8
 Ignition                 Fire           10%        3d5       100%        8
 Maxwell's Capacitive Co  Air            10%        ∞         100%        8
 Chain Lightning          Conj/Air       30%        3d40      100%        9
 Death's Door             Necr           10%        N/A       100%        9
 Fire Storm               Conj/Fire      30%        8d8       100%        9


Dungeon Overview and Level Annotations

Branches:
Dungeon (15/15)            Temple (1/1) D:5            Lair (5/5) D:9
  Swamp (0/4) Lair:2        Snake (4/4) Lair:2        Slime (0/5) Lair:4
    Orc (2/2) D:12            Elf (0/3) Orc:2        Vaults (0/5) D:13
 Depths (0/4) D:15         Bailey (visited)

Altars:
Ashenzari
Cheibriados
Dithmenos
Fedhas
Gozag
Hepliaklqana
Kikubaaqudgha
Makhleb
Nemelex Xobeh
Okawaru
Qazlal
Ru
Sif Muna
Uskayaw
Vehumet
Wu Jian
Xom
Yredelemnul
Jiyva

Shops:
D:3 *   D:10 *   D:13 *   Orc:1 [   Orc:2 **[=   Snake:1 ([=(   Snake:2 ?
Snake:4 :

Annotations:
D:5 2 transporters, LeprechaunX's ghost, novice OpSh
D:6 2 runed translucent doors, MysticSailboat's ghost, novice DrAE
D:8 1 runed translucent door, gebbletook2's ghost, novice OpSh
D:15 3 runed translucent doors, Imulidwi's ghost, journeyman OpFi
Orc:1 3 runed translucent doors, osuadh's ghost, journeyman GnAl


Innate Abilities, Weirdness & Mutations

You have a pair of antennae on your head.
You have very sharp fingernails.
When hurt, damage is shared between your health and your magic reserves.
You regenerate magic rapidly.
Spells you cast may paralyse nearby enemies.
You have a sharp stinger which inflicts weakening toxins.


Message History

An endoplasm is nearby!
An endoplasm is nearby!
You can't see any susceptible monsters within range! (Use Z to cast anyway.)
You can't see any susceptible monsters within range! (Use Z to cast anyway.)
A frilled lizard comes into view.
The endoplasm quivers.
A bat comes into view.
The stone arrow hits the endoplasm!!
You kill the endoplasm!
Malevolent energies surge around you.
You can't see any susceptible monsters within range! (Use Z to cast anyway.)
You can't see any susceptible monsters within range! (Use Z to cast anyway.)
You can't see any susceptible monsters within range! (Use Z to cast anyway.)
You see here 7 gold pieces.
The stone arrow hits the frilled lizard!!
You kill the frilled lizard!
Malevolent energies surge around you.
You can't see any susceptible monsters within range! (Use Z to cast anyway.)
You can't see any susceptible monsters within range! (Use Z to cast anyway.)
You can't see any susceptible monsters within range! (Use Z to cast anyway.)
The bat is distracted by your dazzling golden aura.
The stone arrow misses the bat.
Malevolent energies surge around you.
The bat suddenly stops moving!
The stone arrow hits the bat!
You kill the bat!
Malevolent energies surge around you.
You can't see any susceptible monsters within range! (Use Z to cast anyway.)
You can't see any susceptible monsters within range! (Use Z to cast anyway.) Magic restored.
You now have 1274 gold pieces (gained 6).
You now have 1281 gold pieces (gained 7).
You now have 1288 gold pieces (gained 7).
A ball python comes into view.
A ball python is nearby!
A ball python is nearby!
A ball python is nearby!
You enter the shallow water.
Moving in this stuff is going to be slow.
There is a staircase leading out of the dungeon here.
You have escaped!

#...###.# ####.# #.# #.#.#
#.# #....# #.# #.#.#
#.######.#######.# #.#.#
#.#~~~~♣.♣~~~~##.# #.#.#
#.#~...♣.♣...~##.# #.#.#
#.#~.P.....P.~##.#
#.#.###.#~PPP...PPP~#..#
###.....#.#♣.P.....P.♣##.#
#...###.#..~....@....~...#
....# #...#♣.♣.....P.♣####
#.#.###.#.#~♣♣♣...PPP~#
#.#.....###~.♣.....P.~#
#.###.(.# #~~~~♣~♣~~~~#
#.#####.# ######.######
#.....#.# #.##.###.#
#####.#.# #........# #
##.#.# ########.#


There were no monsters in sight!

Vanquished Creatures
  Aizul (Snake:2)
  2 nagarajas
  An orc warlord (Orc:2)
  A very ugly thing (D:15)
  Nessos (D:12)
  Josephine (Lair:5)
  A salamander tyrant (Snake:4)
  4 vault guards (D:13)
  An ogre mage (D:13)
  2 catoblepae
  6 hydras
  7 anacondas
  4 centaur warriors
  8 two-headed ogres
  A tengu warrior (D:14)
  7 naga warriors
  9 death yaks
  A hell hog (Lair:5)
  9 naga sharpshooters
  9 shock serpents
  5 orc high priests (Orc:2)
  Sonja (D:13)
  A shock serpent (shapeshifter) (D:15)
  A deep elf knight (D:13)
  2 skysharks
  2 salamander mystics
  A sea snake (Snake:3)
  A deep elf archer (D:13)
  A glowing orange brain (D:15)
  2 naga ritualists (Snake:3)
  3 mana vipers
  2 spriggan druids (Lair:2)
  An arcanist (D:14)
  A wolf spider (Lair:5)
  Pikel (D:5)
  2 lindwurms
  6 orc knights
  2 deep elf pyromancers
  7 orc sorcerers
  4 cyclopes
  6 manticores
  19 ugly things
  8 elephants
  3 meliai (D:15)
  3 kobold blastminers (Orc:2)
  15 salamanders
  3 guardian serpents
  38 black mambas
  18 naga magi
  2 torpor snails
  17 cane toads
  3 gargoyles
  Maggie (D:6)
  15 komodo dragons
  An efreet (D:14)
  Psyche (D:8)
  A tengu conjurer (D:14)
  5 rime drakes
  13 polar bears
  6 trolls
  5 hornets
  3 raiju (Lair:5)
  28 blink frogs
  Prince Ribbit (Lair:2)
  13 dream sheep
  A hornet (shapeshifter) (D:15)
  Sigmund (D:3)
  2 shadows
  20 slime creatures
  16 wyverns
  2 vampires
  9 wraiths
  A human (D:13)
  A hog (shapeshifter) (D:13)
  3 basilisks
  59 yaks
  A steam dragon (D:8)
  2 redbacks (Lair:5)
  7 wargs
  Edmund (D:6)
  An acid dragon (D:9)
  42 nagas
  8 vampire mosquitoes
  23 water moccasins
  14 hell hounds (Lair:5)
  44 orc warriors
  A sky beast (D:7)
  Duvessa (D:6)
  14 black bears
  21 wolves
  5 centaurs
  15 ogres
  3 kobold brigands
  Blork the orc (D:4)
  4 phantoms
  2 gnoll sergeants
  20 bullfrogs
  10 wights
  Dowan (D:6)
  8 killer bees
  3 electric eels
  5 howler monkeys
  A lava snake (D:14)
  2 bombardier beetles
  2 quasits (D:8)
  2 jellies
  25 orc priests
  A gnoll bouda (D:7)
  3 hounds
  2 sleepcaps
  An iguana (D:5)
  22 orc wizards
  7 hell rats (Lair:4)
  29 gnolls
  10 adders
  A shadow imp (D:8)
  7 white imps
  7 ufetubi
  4 dart slugs
  A ribbon worm (D:3)
  115 orcs
  7 bats
  6 endoplasms
  4 giant cockroaches
  13 goblins
  8 hobgoblins
  6 jackals
  5 quokkas
  12 ball pythons
  2 frilled lizards (D:1)
  27 kobolds
  4 rats
1058 creatures vanquished.

Vanquished Creatures (collateral kills)
  A boulder (D:11)
1 creature vanquished.

Grand Total: 1059 creatures vanquished

Notes
Turn   | Place    | Note
-------+----------+-------------------------------------------
     0 | D:1      | oldriver the Demonspawn Earth Elementalist began the quest
                  | for the Orb.
     0 | D:1      | Reached XP level 1. HP: 13/13 MP: 3/3
   228 | D:1      | Gained mutation: Spells you cast may paralyse adjacent
                  | enemies. [demonic ancestry]
   228 | D:1      | Reached XP level 2. HP: 20/20 MP: 1/5
   417 | D:1      | Reached skill level 1 in Fighting
   495 | D:1      | You fall into a shaft and drop 1 floor!
   550 | D:2      | Reached XP level 3. HP: 15/26 MP: 2/6
  1271 | D:3      | Reached XP level 4. HP: 32/32 MP: 5/7
  1467 | D:2      | Learned a level 3 spell: Passwall
  1471 | D:2      | Learned a level 3 spell: Stone Arrow
  1787 | D:3      | Found Veshrinie's Assorted Antiques.
  2318 | D:3      | Noticed a kobold brigand
  2358 | D:3      | Killed a kobold brigand
  2359 | D:3      | Reached skill level 2 in Fighting
  2359 | D:3      | Discovered your monstrous ancestry.
  2359 | D:3      | Gained mutation: You have sharp fingernails. [demonic
                  | ancestry]
  2359 | D:3      | Reached XP level 5. HP: 10/38 MP: 3/9
  2623 | D:3      | Noticed Sigmund
  2632 | D:3      | Killed Sigmund
  2633 | D:3      | Reached XP level 6. HP: 17/46 MP: 1/11
  2891 | D:4      | Reached skill level 3 in Fighting
  3261 | D:4      | Gained mutation: You have a pair of small antennae on your
                  | head. [demonic ancestry]
  3261 | D:4      | Reached XP level 7. HP: 49/52 MP: 6/12
  3441 | D:4      | Found an ancient bone altar of Kikubaaqudgha.
  3796 | D:4      | Noticed Blork the orc
  3801 | D:4      | Killed Blork the orc
  3802 | D:4      | Reached skill level 5 in Earth Magic
  4058 | D:5      | Entered Level 5 of the Dungeon
  4058 | D:5      | Noticed LeprechaunX's ghost (novice OpSh)
  4058 | D:5      | Found a transporter.
  4071 | D:5      | Found a transporter.
  4217 | D:5      | Reached skill level 4 in Fighting
  4520 | D:5      | Found a staircase to the Ecumenical Temple.
  4572 | D:5      | Gained mutation: Spells you cast may paralyse nearby
                  | enemies. [demonic ancestry]
  4572 | D:5      | Reached XP level 8. HP: 60/60 MP: 11/14
  4958 | Temple   | Entered the Ecumenical Temple
  5162 | D:6      | Noticed Edmund
  5167 | D:6      | Noticed Pikel
  5168 | D:6      | Killed Edmund
  5243 | D:5      | Killed Pikel
  5244 | D:5      | Reached skill level 5 in Fighting
  5244 | D:5      | Reached skill level 5 in Spellcasting
  5244 | D:5      | Reached skill level 5 in Conjurations
  5341 | D:6      | Found a large runed translucent door.
  5341 | D:6      | Found a large runed translucent door.
  5432 | D:6      | Gained mutation: You have a small tail. [demonic ancestry]
  5432 | D:6      | Reached XP level 9. HP: 66/68 MP: 3/17
  5502 | D:6      | Noticed Duvessa
  5503 | D:6      | Noticed Dowan
  6284 | D:6      | Killed Dowan
  6289 | D:6      | Killed Duvessa
  6420 | D:6      | Noticed Maggie
  6429 | D:6      | Killed Maggie
  6430 | D:6      | Reached skill level 6 in Fighting
  6803 | D:6      | Noticed MysticSailboat's ghost (novice DrAE)
  6847 | D:7      | Identified the +1 flail of the Slime-mould {spect, rPois
                  | Will+ rCorr Str-4}
  7225 | D:7      | Reached skill level 10 in Earth Magic
  7607 | D:7      | Found a shadowy altar of Dithmenos.
  7983 | D:8      | Gained mutation: You regenerate magic rapidly. [demonic
                  | ancestry]
  7983 | D:8      | Reached XP level 10. HP: 70/77 MP: 11/19
  7992 | D:8      | Reached skill level 7 in Fighting
  8025 | D:8      | Found a flagged portal.
  8067 | Bailey   | Entered a bailey
  8119 | Bailey   | Learned a level 4 spell: Brom's Barrelling Boulder
  8405 | Bailey   | Noticed an orc knight
  8409 | Bailey   | Killed an orc knight
  8693 | D:8      | Found a runed translucent door.
  8694 | D:8      | Found a shimmering altar of Xom.
  8694 | D:8      | Noticed gebbletook2's ghost (novice OpSh)
  8694 | D:8      | Noticed a +1 hand axe of chaos
  9101 | D:8      | Noticed Psyche
  9105 | D:8      | Killed Psyche
 10036 | D:9      | Found a staircase to the Lair.
 10053 | D:9      | Reached skill level 8 in Fighting
 10765 | Lair:1   | Entered Level 1 of the Lair of Beasts
 10777 | D:9      | Reached XP level 11. HP: 87/87 MP: 2/23
 11560 | Lair:1   | Reached skill level 9 in Fighting
 11784 | D:10     | Entered Level 10 of the Dungeon
 12343 | D:10     | Found a burning altar of Makhleb.
 12350 | D:10     | Found a shimmering altar of Xom.
 12362 | D:10     | Found an opulent altar of Gozag.
 12364 | D:10     | Found a faded altar of an unknown god.
 12712 | D:10     | Found Canaun's CLEARANCE SALE!.
 12809 | D:10     | Became a worshipper of Gozag Ym Sagoz the Greedy
 13229 | D:11     | Noticed a green ugly thing
 13557 | D:11     | Noticed a white ugly thing
 13562 | D:11     | Killed a white ugly thing
 13775 | D:11     | Noticed a two-headed ogre
 13784 | D:11     | Killed a two-headed ogre
 13785 | D:11     | Reached skill level 10 in Conjurations
 13785 | D:11     | Gained mutation: You have a pair of antennae on your head.
                  | [demonic ancestry]
 13785 | D:11     | Reached XP level 12. HP: 97/97 MP: 8/25
 13858 | D:11     | Reached skill level 10 in Fighting
 14022 | D:12     | Noticed a two-headed ogre
 15243 | Lair:2   | Reached skill level 10 in Spellcasting
 15341 | Lair:2   | Noticed a six-headed hydra
 15425 | Lair:2   | Noticed Prince Ribbit
 15520 | Lair:1   | Reached skill level 11 in Fighting
 16007 | Lair:2   | Found a staircase to the Snake Pit.
 16100 | Lair:2   | Killed Prince Ribbit
 16320 | Lair:2   | Killed a six-headed hydra
 16727 | Lair:2   | Gained mutation: When hurt, damage is shared between your
                  | health and your magic reserves. [demonic ancestry]
 16727 | Lair:2   | Reached XP level 13. HP: 107/107 MP: 18/27
 17640 | Lair:2   | Reached skill level 12 in Fighting
 17719 | Lair:2   | Found a staircase to the Swamp.
 17971 | Lair:3   | Found a basalt altar of Yredelemnul.
 18625 | Lair:4   | Found a viscous altar of Jiyva.
 18625 | Lair:4   | Found a staircase to the Slime Pits.
 18635 | Lair:4   | Reached skill level 1 in Armour
 19958 | Lair:5   | Entered Level 5 of the Lair of Beasts
 20014 | Lair:5   | Reached skill level 5 in Dodging
 20014 | Lair:5   | Gained mutation: You have a tail ending in a sharp stinger.
                  | [demonic ancestry]
 20014 | Lair:5   | Reached XP level 14. HP: 81/116 MP: 15/29
 20031 | Lair:5   | Noticed Josephine
 21075 | D:12     | Noticed Nessos
 21500 | D:12     | Killed Nessos
 21877 | D:12     | Found a staircase to the Orcish Mines.
 21968 | D:13     | Noticed Sonja
 21971 | D:13     | Killed Sonja
 21972 | D:13     | Reached skill level 5 in Stealth
 22126 | D:12     | Gained mutation: You have very sharp fingernails. [demonic
                  | ancestry]
 22126 | D:12     | Reached XP level 15. HP: 122/122 MP: 25/31
 22132 | D:12     | Reached skill level 13 in Fighting
 22728 | D:13     | Found Tuffosun's General Store.
 22794 | D:13     | Identified the +1 pair of boots of Ovviaroj {rC+ Will+
                  | Dex+2}
 23972 | Lair:4   | HP: 2/124 [death yak (20)]
 25428 | Lair:5   | Paralysed by a hornet for 1 turns
 26290 | Lair:5   | Reached skill level 14 in Fighting
 26676 | Lair:5   | Killed Josephine
 28680 | Lair:4   | Learned a level 7 spell: Orb of Destruction
 29693 | D:13     | Gained mutation: You have a sharp stinger which inflicts
                  | weakening toxins. [demonic ancestry]
 29693 | D:13     | Reached XP level 16. HP: 134/134 MP: 17/33
 30220 | D:13     | Found a gate to the Vaults.
 30330 | D:13     | Learned a level 5 spell: Irradiate
 31778 | D:14     | Reached skill level 15 in Fighting
 32288 | D:14     | Reached skill level 15 in Conjurations
 32921 | Orc:1    | Entered Level 1 of the Orcish Mines
 33154 | Orc:1    | Found Tixugafu's Armour Emporium.
 33359 | Orc:1    | Found a runed translucent gate.
 33359 | Orc:1    | Found a runed translucent gate.
 33359 | Orc:1    | Found a runed translucent gate.
 33360 | Orc:1    | Noticed osuadh's ghost (journeyman GnAl)
 33487 | Orc:1    | Found an iron altar of Okawaru.
 33677 | D:3      | Bought a warped ring mail for 252 gold pieces
 33677 | D:3      | Identified the +3 ring mail of Compression {Rampage Str+2}
                  | (You bought it in a shop on level 3 of the Dungeon)
 33864 | D:15     | Entered Level 15 of the Dungeon
 34555 | D:15     | Found a runed translucent gate.
 34555 | D:15     | Found a runed translucent gate.
 34555 | D:15     | Found a runed translucent gate.
 34556 | D:15     | Noticed Imulidwi's ghost (journeyman OpFi)
 35053 | D:15     | Found a staircase to the Depths.
 35886 | Orc:2    | Entered Level 2 of the Orcish Mines
 37177 | Orc:2    | Learned a level 9 spell: Shatter
 37297 | Orc:2    | Found Qetzaig's Antique Armour Shop.
 37363 | Orc:2    | Bought a heavily runed leather armour for 126 gold pieces
 37363 | Orc:2    | Identified the +1 leather armour of Decompression {Str+4}
                  | (You bought it in a shop on level 2 of the Orcish Mines)
 37363 | Orc:2    | Bought a pair of embroidered gloves for 135 gold pieces
 38114 | Orc:2    | Found Hoxzeoc's Jewellery Boutique.
 38494 | Orc:2    | Found a staircase to the Elven Halls.
 38637 | Orc:2    | Identified the ring of Toinyck {Str+2 Dex+6}
 38842 | Orc:2    | Found Udarirel's Assorted Antiques.
 38887 | Orc:2    | Found Edweckuk's General Store.
 39478 | Snake:1  | Entered Level 1 of the Snake Pit
 39807 | Snake:1  | Found Teotzil's Armour Emporium.
 39809 | Snake:1  | Found Rikynty's Antique Weapon Shoppe.
 39809 | Snake:1  | Found Qyanig Zoikh's Weapon Emporium.
 39833 | Snake:1  | Found Fyez's Jewellery Shoppe.
 39836 | Snake:1  | Bought a brightly glowing broad axe for 207 gold pieces
 39836 | Snake:1  | Identified the +10 broad axe of Jadgherim {venom, rF+
                  | Int+6} (You bought it in a shop on level 1 of the Snake
                  | Pit)
 39839 | Snake:1  | Bought the ring "Zucuy" {rElec Str+6 Stlth+} for 792 gold
                  | pieces
 39954 | Snake:1  | Reached skill level 16 in Fighting
 39995 | Snake:1  | Reached XP level 17. HP: 96/144 MP: 2/35
 40414 | Snake:1  | Found an opulent altar of Gozag.
 40710 | Snake:2  | Identified the serpent talisman "Sitot" {MP+9 Int+3}
 40710 | Snake:2  | Noticed Aizul
 40740 | Snake:2  | Killed Aizul
 42505 | Snake:2  | Reached skill level 15 in Spellcasting
 43071 | Snake:3  | Upgraded the game from 0.32-a0-12-g7fc57aa741 to
                  | 0.32-a0-17-gb74e046682
 43075 | Snake:3  | Found a stormy altar of Qazlal.
 43296 | Snake:2  | Identified a scroll of acquirement
 44171 | Snake:2  | Identified the +3 chain mail of Hairiness {rN+ Dex+2}
 44547 | Snake:2  | Found Xocail's Magic Scroll Shoppe.
 44550 | Snake:2  | Bought a scroll of teleportation for 45 gold pieces
 44550 | Snake:2  | Bought a scroll of teleportation for 45 gold pieces
 44550 | Snake:2  | Bought a scroll of teleportation for 45 gold pieces
 44550 | Snake:2  | Bought a scroll of blinking for 112 gold pieces
 44591 | Snake:2  | Acquired the ring of the Cast Vote {rCorr MP+9 Str+3}
 46893 | Snake:4  | Entered Level 4 of the Snake Pit
 47189 | Snake:4  | Found a hazy altar of Hepliaklqana.
 47670 | Snake:4  | Reached skill level 17 in Fighting
 47912 | Snake:4  | Found Colugel's Book Emporium.
 49102 | D:3      | Bought a scroll of acquirement for 1456 gold pieces
 49241 | D:$      | Got out of the dungeon alive.

Illustrated notes

Levels and vault maps discovered:
D:1:      ldierk_walled_garden, layout_loops_ring
D:2:      layout_basic
D:3:      cheibrodos_thug_alley, layout_rooms, nicolae_overflow_hidden_temple,
          serial_shops, nicolae_shop_behind_doors, guppyfry_early_orc_mine,
          uniq_sigmund
D:4:      layout_loops_corners, kennysheep_mini_moat, minmay_manual_monstrance,
          uniq_blork_the_orc
D:5:      layout_loops_ring, temple_fountains, gammafunk_ghost_arena,
          nicolae_concentric_dashed_squares_wild, kennysheep_another_room
D:6:      layout_cave_pools, ebering_ghost_disaster_area, abandoned_shop,
          uniq_maggie, uniq_pikel, uniq_duvessa, uniq_edmund
D:7:      layout_cave_pools, mainiacjoe_overflow_surrounded_room
D:8:      layout_basic, serial_demonic, serial_demonic_e, serial_demonic_f,
          serial_demonic_f, serial_demonic_a, ebering_ghost_xom, enter_bailey_5,
          uniq_psyche
D:9:      layout_cave_pools, david_lair_shrubbed, minmay_stone_trees_small
D:10:     layout_roguey, chequers_temple_overflow_minitemple,
          nicolae_shop_clearance
D:11:     layout_stronghold
D:12:     layout_gridville, hiddenorc1_lemuel, uniq_nessos
D:13:     layout_cave_pools, grunt_vaults_entry_fortified, serial_shops, shop,
          uniq_sonja
D:14:     layout_loops_ring, nicolae_concentric_dashed_squares_mild,
          kennysheep_donut, serial_bayou_lagoon_b
D:15:     gammafunk_enter_depths_forms, layout_loops_ring,
          gammafunk_ghost_split, serial_park_gazebo
          [serial_park_minivault_5x5_7], minmay_between
Temple:   nicolae_temple_bog_church
Lair:1:   layout_hall_layers, amcnicky_mini_pool_medium
Lair:2:   layout_long_grid, mainiacjoe_swamp_entry_angry_trees,
          nicolae_snake_entry_squirm, nicolae_lair_grazing_beasts
          [nicolae_sub_lair_graze_edge, nicolae_sub_lair_graze_edge,
          nicolae_sub_lair_graze_edge, nicolae_sub_lair_graze_edge],
          grunt_megastairs_4, infiniplex_staircase_pool, uniq_prince_ribbit2
Lair:3:   layout_misc_corridors, basic_altar, patterned_corridor
Lair:4:   layout_roguey, slime_entry_1
Lair:5:   hangedman_lair_caniforms_friends, layout_loops_ring,
          hangedman_lair_tendril_chambers, uniq_josephine
Snake:1:  layout_chambers, basic_altar, minmay_shoptagon
Snake:2:  layout_onion, serial_shops, nicolae_shop_rolled_up, uniq_aizul
Snake:3:  layout_cave_town, basic_altar, nicolae_snake_shapes,
          grunt_megastairs_3
Snake:4:  grunt_snake_rune_pools, layout_basic, basic_altar, serial_shops,
          nicolae_book_shop_shelving, lemuel_fruit_tree
Orc:1:    layout_caves, gammafunk_ghost_fury_of_okawaru, serial_shops, shop,
          regret_index_minedec_guest_junction, mines1_david
Orc:2:    pubby_orc_utopia

Skill      XL: |  1  2  3  4  5  6  7  8  9 10 11 12 13 14 15 16 17 |
---------------+----------------------------------------------------+-----
Earth Magic    | 3 4 6 8 10 11 12 13 14 | 14.0
Fighting       | 1 2 3 4 5 6 8 9 11 12 14 16 17 | 17.1
Conjurations   | 2 3 4 5 6 8 10 11 12 14 15 16 | 16.5
Spellcasting   | 3 4 5 6 8 9 10 11 12 13 14 15 | 15.8
Stealth        | 2 3 5 |  5.0
Dodging        | 3 5 |  5.8
Armour         | 2 |  2.0
Shields        | 4 |  4.0

Action                     |  1- 3 |  4- 6 |  7- 9 | 10-12 | 13-15 | 16-18 || total
---------------------------+-------+-------+-------+-------+-------+-------++-------
  Melee: Unarmed           |     4 |     8 |       |       |       |       ||    12
         Whip              |       |     2 |       |       |       |       ||     2
         Dagger            |       |     1 |    12 |       |       |       ||    13
         Flail             |       |       |    13 |    23 |    40 |    53 ||   129
         Tailslap          |       |       |     5 |     4 |    11 |    15 ||    35
   Cast: Sandblast         |    48 |   106 |    97 |    28 |    63 |    13 ||   355
         Stone Arrow       |       |     1 |    86 |   397 |   768 |   819 ||  2071
         Brom's Barrelling |       |       |       |     1 |       |       ||     1
         Orb of Destructio |       |       |       |       |     3 |   153 ||   156
 Invoke: Potion Petition   |       |       |       |       |     2 |     8 ||    10
  Evoke: Phial of floods   |       |       |       |       |     1 |     1 ||     2
         Tin of tremorston |       |       |       |       |       |     3 ||     3
    Use: Scroll            |       |     7 |     7 |    12 |    16 |     5 ||    47
         Potion            |       |       |     1 |       |     6 |     6 ||    13
   Stab: Paralysed         |     1 |     4 |     9 |     5 |     9 |     4 ||    32
 Armour: Robe              |     8 |    28 |    48 |       |       |       ||    84
         Steam dragon scal |       |       |    33 |   220 |   502 |   357 ||  1112
  Dodge: Dodged            |    12 |    31 |    61 |   188 |   389 |   175 ||   856
  Block: Buckler           |       |       |       |       |   132 |    86 ||   218

Table legend: (Time is in decaauts)
 A = Elapsed time spent in this place.
 B = Non-inter-level travel time spent in this place.
 C = Inter-level travel time spent in this place.
 D = Time resting spent in this place.
 E = Time spent auto-exploring this place.
 F = Levels seen in this place.
 G = Mean time per level.
                   A        B        C        D        E       F      G
               +--------+--------+--------+--------+--------+-----+--------+
         Total |  49621 |  46275 |   3346 |  13924 |  24181 |  28 | 1772.2 |
       Dungeon |  22199 |  20303 |   1896 |   5468 |  11592 |  15 | 1479.9 |
        Temple |      1 |      0 |      1 |      0 |      0 |   1 |    1.0 |
          Lair |  13292 |  12236 |   1056 |   4279 |   5400 |   5 | 2658.4 |
     Snake Pit |   9473 |   9205 |    268 |   3218 |   4600 |   4 | 2368.2 |
  Orcish Mines |   4059 |   3936 |    123 |    816 |   2246 |   2 | 2029.5 |
        Bailey |    594 |    594 |      0 |    143 |    342 |   1 |  594.0 |
               +--------+--------+--------+--------+--------+-----+--------+

Top non-repeatable levels by time:
  Lair:4: 4099 daAuts
  Lair:5: 3744 daAuts
   Orc:2: 3090 daAuts
 Snake:3: 3083 daAuts
 Snake:1: 2813 daAuts
    D:13: 2462 daAuts
  Lair:2: 2397 daAuts
 Snake:2: 2216 daAuts
     D:9: 2190 daAuts
  Lair:1: 2013 daAuts
    D:11: 1901 daAuts
    D:14: 1899 daAuts
    D:15: 1614 daAuts
     D:3: 1595 daAuts
     D:6: 1541 daAuts
